 Dungeon Crawl Stone Soup version 0.22-a0-866-geee50340df (webtiles) character file.

165 IcyTea the Cudgeler (level 5, 0/45 HPs)
             Began as a Draconian Wanderer on July 28, 2018.
             Slain by Grinder (1 damage)
             ... while paralysed by Grinder
             ... on level 2 of the Dungeon.
             The game lasted 00:10:34 (3547 turns).

IcyTea the Cudgeler (Draconian Wanderer)            Turns: 3547, Time: 00:10:34

Health: 0/45       AC:  5    Str: 12    XL:     5   Next: 21%
Magic:  9/9        EV:  2    Int: 17    God:
Gold:   141        SH:  0    Dex:  9    Spells: 10/10 levels left

rFire    . . .     SeeInvis .   f - +2 spear
rCold    . . .     Gourm    .   k - +1 large shield (curse)
rNeg     . . .     Faith    .   (armour unavailable)
rPois    .         Spirit   .   (helmet restricted)
rElec    .         Reflect  .   (no cloak)
rCorr    .         Harm     .   (no gloves)
MR       .....                  (no boots)
Stlth    +.........             (no amulet)
HPRegen  0.15/turn              (no ring)
MPRegen  0.11/turn              (no ring)

@: paralysed
A: unfitting armour, cold-blooded, AC +5
a: no special abilities


You were on level 2 of the Dungeon.
You were hungry.

You visited 1 branch of the dungeon, and saw 3 of its levels.

You collected 141 gold pieces.

Inventory:

Hand Weapons
 f - a +2 spear (weapon)
 h - a +0 whip
 q - a +0 short sword of flaming
Missiles
 e - 3 tomahawks (quivered)
Armour
 k - a cursed +1 large shield (worn)
Scrolls
 a - a scroll of amnesia {unknown}
Potions
 b - 2 potions of ambrosia
 d - a potion of curing
 i - a potion of heal wounds
Comestibles
 c - 6 rations


   Skills:
 - Level 3.2 Fighting
 + Level 4.3 Maces & Flails
 - Level 2.0 Shields
 - Level 3.0 Spellcasting
   Level 2.6 Charms


You had 10 spell levels left.
You didn't know any spells.
Your spell library contained the following spells:

 Spells                   Type           Power        Failure   Level  Hunger
 Freeze                   Ice            #...         98%         1    None
 Ozocubu's Armour         Chrm/Ice       #.......     99%         3    ###....


Dungeon Overview and Level Annotations

Branches:
Dungeon (3/15)

Altars:
Ashenzari
Cheibriados
Uskayaw

Annotations:
D:2 Grinder


Innate Abilities, Weirdness & Mutations

Your plain brown scales are hard. (AC +5)
You cannot fit into any form of body armour.
You are cold-blooded and may be slowed by cold attacks.


Message History

You feel invigorated. Grinder barely misses you.
You bump into the rock wall.
Grinder gestures at you.
You suddenly lose the ability to move!
You feel less invigorated.
You feel less confused. Grinder hits you.
* * * LOW HITPOINT WARNING * * *
You writhe in agony.
* * * LOW HITPOINT WARNING * * *
Grinder hits you.
* * * LOW HITPOINT WARNING * * *
You writhe in agony.
* * * LOW HITPOINT WARNING * * *
Grinder says, "You look like you could use a good racking."
Grinder hits you but does no damage. Grinder hits you.
* * * LOW HITPOINT WARNING * * *
You writhe in agony.
You die...

#.####............#
#.# #.####.#..#..# #.#
#.# #.###[#).# #.# #.#
##.#))#..# #.#
#[#####.#<#..# #.#
#.##.........# #.#
#............#
##.#######..#.#5######
............#.#.@)...#
##.########.#)######.#
#..# #.#.# #.# #.##
#.#.# #.# #.# #.#.#
#w# #)## #.#.# #.#
...#### #.#.# #.#
......#####.#.######(#
...##.##..........##.#


You could see Grinder.

Vanquished Creatures
  An orc wizard (D:2)
  Robin (D:2)
  5 adders
  2 worms
  2 dart slugs (D:2)
  3 leopard geckos
  3 orcs
  A ball python (D:2)
  A bat (D:2)
  8 giant cockroaches
  8 hobgoblins
  3 jackals (D:1)
  7 kobolds
  2 frilled lizards (D:2)
  10 goblins
  4 rats
61 creatures vanquished.

Notes
Turn   | Place    | Note
-------+----------+-------------------------------------------
     0 | D:1      | IcyTea the Draconian Wanderer began the quest for the Orb.
     0 | D:1      | IcyTea set off with: a +2 spear, a ration
     0 | D:1      | Reached XP level 1. HP: 19/19 MP: 3/3
   423 | D:1      | Reached XP level 2. HP: 21/26 MP: 5/5
   881 | D:2      | Reached skill level 1 in Maces & Flails
  1088 | D:2      | Reached XP level 3. HP: 29/31 MP: 7/7
  1274 | D:2      | Found a shattered altar of Ashenzari.
  1300 | D:2      | Reached skill level 2 in Maces & Flails
  1389 | D:2      | Found a snail-covered altar of Cheibriados.
  1780 | D:2      | Reached XP level 4. HP: 38/38 MP: 8/8
  1943 | D:3      | Noticed Grinder
  1947 | D:3      | Paralysed by Grinder for 2 turns
  2108 | D:3      | Noticed Robin
  2135 | D:3      | Reached skill level 3 in Maces & Flails
  2158 | D:3      | Found a hide-covered altar of Uskayaw.
  2521 | D:3      | Noticed a dagger
  2521 | D:3      | Noticed a dagger
  3232 | D:2      | Killed Robin
  3521 | D:2      | Paralysed by Grinder for 5 turns
  3527 | D:2      | Reached skill level 4 in Maces & Flails
  3527 | D:2      | Reached XP level 5. HP: 42/45 MP: 9/9
  3543 | D:2      | Paralysed by Grinder for 5 turns
  3545 | D:2      | HP: 2/45 [Grinder (4)]
  3547 | D:2      | Slain by Grinder

Vault maps used:
D:1:      eino_arrival_druids_welcome
D:2:      evilmike_ruin_ashenzari, kennysheep_slug_shrine
D:3:      dancing_weapons_uskayaw, okawaru_trees_1, uniq_robin, uniq_grinder

Skill      XL: |  1  2  3  4 |
---------------+-------------+-----
Spellcasting   | 3 |  3.0
Maces & Flails | 1 2 4 |  4.3
Fighting       | |  3.2
Shields        | |  2.0
Charms         | |  2.6

Action                   |  1- 3 |  4- 6 || total
-------------------------+-------+-------++-------
Melee: Spear             |   116 |    25 ||   141
       Tailslap          |    10 |     9 ||    19
       Short sword       |       |   126 ||   126
Throw: Tomahawk          |       |     2 ||     2
  Use: Potion            |       |     8 ||     8
       Scroll            |       |     7 ||     7
  Eat: Chunk             |     1 |     7 ||     8
Armor: Skin              |    30 |    45 ||    75
Dodge: Dodged            |    46 |    31 ||    77
Block: Large shield      |    18 |   101 ||   119

Table legend:
 A = Spawn XP
 B = Non-spawn XP
 C = Spawn XP percentage of total XP
 D = Spawn monster count
 E = Non-spawn monster count
 F = Spawn count percentage of total count
 G = Total turns spent on level
                    A         B        C        D         E        F      G
               +---------+---------+-------+---------+---------+-------+---------
         Total |       0 |     236 |   0.0 |       0 |      61 |   0.0 |  3547
               +---------+---------+-------+---------+---------+-------+---------
           D:1 |       0 |      20 |   0.0 |       0 |      12 |   0.0 |   937
           D:2 |       0 |     173 |   0.0 |       0 |      34 |   0.0 |  2170
           D:3 |       0 |      43 |   0.0 |       0 |      15 |   0.0 |   440
               +---------+---------+-------+---------+---------+-------+---------
